| TOP OF THE 1ST |
|
Fresno State University Bulldogs batting - Pitching for University of South Carolina Gamecocks : RHP Zach Clausen
|
|
Pitching: RHP Zach Clausen
|
|
|
Batting: RHB Jaquan Brown
|
0-0: Ball 1-0: Ball 2-0: Fly out, F7 (Flyball, 78S, EV 80.0 MPH)
|
|
Batting: RHB Dou-wan Pan
|
0-0: Ball 1-0: Fly out, F8 (Flyball, 8LM, EV 96.2 MPH)
|
|
Batting: LHB Ricardo Sandoval
|
0-0: Swinging Strike 0-1: Fly out, F9 (Flyball, 9, EV 94.4 MPH)
|
| Top of the 1st over - 0 runs, 0 hits, 0 errors, 0 left on base; Fresno State University 0 - University of South Carolina 0 |
| BOTTOM OF THE 1ST |
|
University of South Carolina Gamecocks batting - Pitching for Fresno State University Bulldogs : LHP Omar Nogueira
|
|
Pitching: LHP Omar Nogueira
|
|
|
Batting: RHB Mike Chiquete
|
0-0: Ground out U3 (Groundball, 3S, EV 79.4 MPH)
|
|
Batting: RHB Jim Smallwood
|
0-0: Foul Ball, location: 2F 0-1: Fly out, F8 (Flyball, 8LD, EV 90.6 MPH)
|
|
Batting: LHB Jose Mafano
|
0-0: Foul Ball, location: 2F 0-1: Foul Ball, location: 2F 0-2: Foul Ball, location: 2F 0-2: Ball 1-2: Strikes out looking
|
| Bottom of the 1st over - 0 runs, 0 hits, 0 errors, 0 left on base; Fresno State University 0 - University of South Carolina 0 |
| TOP OF THE 2ND |
|
Fresno State University Bulldogs batting - Pitching for University of South Carolina Gamecocks : RHP Zach Clausen
|
|
Batting: RHB John Carpenter
|
0-0: Ball 1-0: Ball 2-0: Ground out 6-3 (Groundball, 6D, EV 97.5 MPH)
|
|
Batting: RHB Homer Petropoulos
|
0-0: Called Strike 0-1: Foul Ball, location: 2F 0-2: Strikes out swinging
|
|
Batting: LHB Chris Viehman
|
0-0: Foul Ball, location: 2F 0-1: Foul Ball, location: 2F 0-2: Ball 1-2: Foul Ball, location: 2F 1-2: Ball 2-2: Strikes out swinging
|
| Top of the 2nd over - 0 runs, 0 hits, 0 errors, 0 left on base; Fresno State University 0 - University of South Carolina 0 |
| BOTTOM OF THE 2ND |
|
University of South Carolina Gamecocks batting - Pitching for Fresno State University Bulldogs : LHP Omar Nogueira
|
|
Batting: RHB Danny Rodriguez
|
0-0: Ball 1-0: Ball 2-0: Called Strike 2-1: Swinging Strike 2-2: Strikes out swinging
|
|
Batting: RHB Emanuel Estrada
|
0-0: Ball 1-0: Ball 2-0: Foul Ball, location: 2F 2-1: Ball 3-1: Base on Balls
|
|
Batting: RHB Pablo Henriquez
|
0-0: Called Strike 0-1: Ball 1-1: Called Strike 1-2: Fly out, F8 (Flyball, 8LM, EV 90.0 MPH)
|
|
Batting: LHB Bruce Daley
|
0-0: Ball 1-0: SINGLE (Line Drive, 8LS, EV 110.6 MPH) Emanuel Estrada to second
|
|
Batting: RHB Colin Morris
|
0-0: Foul Ball, location: 2F 0-1: Foul Ball, location: 2F 0-2: Fly out, F7 (Flyball, 78M, EV 96.2 MPH)
|
| Bottom of the 2nd over - 0 runs, 1 hit, 0 errors, 2 left on base; Fresno State University 0 - University of South Carolina 0 |
| TOP OF THE 3RD |
|
Fresno State University Bulldogs batting - Pitching for University of South Carolina Gamecocks : RHP Zach Clausen
|
|
Batting: RHB Andy Villarreal
|
0-0: Called Strike 0-1: Foul Ball, location: 2F 0-2: Ball 1-2: Ball 2-2: Foul Ball, location: 2F 2-2: Strikes out swinging, 2-3 out at first.
|
|
Batting: RHB Javier Brizuela
|
0-0: Foul Ball, location: 2F 0-1: Swinging Strike 0-2: Foul Ball, location: 2F 0-2: Foul Ball, location: 2F 0-2: Ball 1-2: Ball 2-2: Foul Ball, location: 2F 2-2: Foul Ball, location: 2F 2-2: Foul Ball, location: 2F 2-2: Ball 3-2: Foul Ball, location: 2F 3-2: Foul Ball, location: 2F 3-2: Strikes out looking
|
|
Batting: RHB Pete Goerge
|
0-0: Ball 1-0: Foul Ball, location: 2F 1-1: Ball 2-1: Ball 3-1: SINGLE (Groundball, P, EV 78.8 MPH) (infield hit)
|
|
Batting: RHB Jaquan Brown
|
0-0: Ball 1-0: Swinging Strike 1-1: Foul Ball, location: 2F 1-2: Ball 2-2: Ball 3-2: Ground out 4-3 (Groundball, 4, EV 88.1 MPH)
|
| Top of the 3rd over - 0 runs, 1 hit, 0 errors, 1 left on base; Fresno State University 0 - University of South Carolina 0 |
| BOTTOM OF THE 3RD |
|
University of South Carolina Gamecocks batting - Pitching for Fresno State University Bulldogs : LHP Omar Nogueira
|
|
Batting: RHB Mark Squires
|
0-0: Ball 1-0: Called Strike 1-1: SINGLE (Groundball, 34D, EV 103.8 MPH)
|
|
Batting: RHB Mike Chiquete
|
0-0: Fielders Choice at 2nd, 4-6 (Groundball, 4, EV 102.5 MPH)
|
|
Batting: RHB Jim Smallwood
|
0-0: Ball 1-0: 2-RUN HOME RUN (Flyball, 7D, EV 104.4 MPH), Distance : 412 ft
|
|
Batting: LHB Jose Mafano
|
0-0: Ball 1-0: Called Strike 1-1: Swinging Strike 1-2: Ground out 5-3 (Groundball, 5L, EV 85.0 MPH)
|
|
Batting: RHB Danny Rodriguez
|
0-0: Ground out 4-3 (Groundball, 4, EV 88.1 MPH)
|
| Bottom of the 3rd over - 2 runs, 2 hits, 0 errors, 0 left on base; Fresno State University 0 - University of South Carolina 2 |
| TOP OF THE 4TH |
|
Fresno State University Bulldogs batting - Pitching for University of South Carolina Gamecocks : RHP Zach Clausen
|
|
Batting: RHB Dou-wan Pan
|
0-0: Called Strike 0-1: Ball 1-1: Foul Ball, location: 2F 1-2: Strikes out swinging
|
|
Batting: LHB Ricardo Sandoval
|
0-0: Called Strike 0-1: Foul Ball, location: 2F 0-2: Ground out U3 (Groundball, 3L, EV 96.9 MPH)
|
|
Batting: RHB John Carpenter
|
0-0: Called Strike 0-1: Foul Ball, location: 2F 0-2: Strikes out swinging
|
| Top of the 4th over - 0 runs, 0 hits, 0 errors, 0 left on base; Fresno State University 0 - University of South Carolina 2 |
| BOTTOM OF THE 4TH |
|
University of South Carolina Gamecocks batting - Pitching for Fresno State University Bulldogs : LHP Omar Nogueira
|
|
Batting: RHB Emanuel Estrada
|
0-0: Ball 1-0: Called Strike 1-1: Ball 2-1: Foul Ball, location: 2F 2-2: Fly out, F4 (Popup, 4M, EV 76.2 MPH)
|
|
Batting: RHB Pablo Henriquez
|
0-0: Called Strike 0-1: DOUBLE (Line Drive, 78D, EV 99.4 MPH)
|
|
Batting: LHB Bruce Daley
|
0-0: Ball 1-0: Called Strike 1-1: Ball 2-1: Ball 3-1: Base on Balls
|
|
Batting: RHB Colin Morris
|
0-0: Called Strike 0-1: Fly out, F8 (Line Drive, 78M, EV 90.0 MPH)
|
|
Batting: RHB Mark Squires
|
0-0: Foul Ball, location: 2F 0-1: Ball 1-1: Ground out U3 (Groundball, 3, EV 86.2 MPH)
|
| Bottom of the 4th over - 0 runs, 1 hit, 0 errors, 2 left on base; Fresno State University 0 - University of South Carolina 2 |
| TOP OF THE 5TH |
|
Fresno State University Bulldogs batting - Pitching for University of South Carolina Gamecocks : RHP Zach Clausen
|
|
Batting: RHB Homer Petropoulos
|
0-0: Ball 1-0: Ground out 5-3 (Groundball, 25, EV 76.9 MPH)
|
|
Batting: LHB Chris Viehman
|
0-0: Swinging Strike 0-1: Ground out 3-1 (Groundball, 13, EV 85.6 MPH)
|
|
Batting: RHB Andy Villarreal
|
0-0: Swinging Strike 0-1: Swinging Strike 0-2: Ball 1-2: Ball 2-2: Foul Ball, location: 2F 2-2: Strikes out swinging
|
| Top of the 5th over - 0 runs, 0 hits, 0 errors, 0 left on base; Fresno State University 0 - University of South Carolina 2 |
| BOTTOM OF THE 5TH |
|
University of South Carolina Gamecocks batting - Pitching for Fresno State University Bulldogs : LHP Omar Nogueira
|
|
Batting: RHB Mike Chiquete
|
0-0: Called Strike 0-1: Foul Ball, location: 2F 0-2: Ball 1-2: Ground out 3-1 (Groundball, 34, EV 88.8 MPH)
|
|
Batting: RHB Jim Smallwood
|
0-0: Called Strike 0-1: Ball 1-1: Called Strike 1-2: Ground out 2-3 (Groundball, 15S, EV 75.6 MPH)
|
|
Batting: LHB Jose Mafano
|
0-0: Ball 1-0: Foul Ball, location: 2F 1-1: Swinging Strike 1-2: Ground out 6-3 (Groundball, 6, EV 91.2 MPH)
|
| Bottom of the 5th over - 0 runs, 0 hits, 0 errors, 0 left on base; Fresno State University 0 - University of South Carolina 2 |
| TOP OF THE 6TH |
|
Fresno State University Bulldogs batting - Pitching for University of South Carolina Gamecocks : RHP Zach Clausen
|
|
Batting: RHB Javier Brizuela
|
0-0: Foul Ball, location: 2F 0-1: Ball 1-1: Called Strike 1-2: Ball 2-2: Strikes out swinging
|
|
Batting: RHB Pete Goerge
|
0-0: Ball 1-0: Foul Ball, location: 2F 1-1: DOUBLE (Line Drive, 8LXD, EV 102.5 MPH)
|
|
Batting: RHB Jaquan Brown
|
0-0: Foul Ball, location: 2F 0-1: Ball 1-1: Swinging Strike 1-2: Ball 2-2: Foul Ball, location: 2F 2-2: Foul Ball, location: 2F 2-2: Ball 3-2: Fly out, F8 (Flyball, 8RD, EV 98.8 MPH)
|
|
Pitching: RHP Kip Connolly
|
|
|
Batting: RHB Dou-wan Pan
|
0-0: Called Strike 0-1: Ball 1-1: Ground out 1-3 (Groundball, 13S, EV 61.2 MPH)
|
| Top of the 6th over - 0 runs, 1 hit, 0 errors, 1 left on base; Fresno State University 0 - University of South Carolina 2 |
| BOTTOM OF THE 6TH |
|
University of South Carolina Gamecocks batting - Pitching for Fresno State University Bulldogs : LHP Omar Nogueira
|
|
Batting: RHB Danny Rodriguez
|
0-0: Called Strike 0-1: Ground out 6-3 (Groundball, 6, EV 96.9 MPH)
|
|
Batting: RHB Emanuel Estrada
|
0-0: Ball 1-0: Foul Ball, location: 2F 1-1: Swinging Strike 1-2: Strikes out swinging
|
|
Batting: RHB Pablo Henriquez
|
0-0: Fly out, F7 (Flyball, 7, EV 75.6 MPH)
|
| Bottom of the 6th over - 0 runs, 0 hits, 0 errors, 0 left on base; Fresno State University 0 - University of South Carolina 2 |
| TOP OF THE 7TH |
|
Fresno State University Bulldogs batting - Pitching for University of South Carolina Gamecocks : RHP Kip Connolly
|
|
Pitching: RHP Takuzo Sato
|
|
|
Batting: LHB Ricardo Sandoval
|
0-0: Called Strike 0-1: Ball 1-1: Ball 2-1: Foul Ball, location: 2F 2-2: Foul Ball, location: 2F 2-2: Foul Ball, location: 2F 2-2: Foul Ball, location: 2F 2-2: Ball 3-2: Foul Ball, location: 2F 3-2: Ground out 4-3 (Groundball, 4, EV 89.4 MPH)
|
|
Batting: RHB John Carpenter
|
0-0: Called Strike 0-1: Ball 1-1: Ball 2-1: Foul Ball, location: 2F 2-2: Strikes out looking
|
|
Batting: RHB Homer Petropoulos
|
0-0: Ball 1-0: Ground out 4-3 (Groundball, 4, EV 108.8 MPH)
|
| Top of the 7th over - 0 runs, 0 hits, 0 errors, 0 left on base; Fresno State University 0 - University of South Carolina 2 |
| BOTTOM OF THE 7TH |
|
University of South Carolina Gamecocks batting - Pitching for Fresno State University Bulldogs : LHP Omar Nogueira
|
|
Batting: LHB Bruce Daley
|
0-0: Called Strike 0-1: Ground out 4-3 (Groundball, 4, EV 86.2 MPH)
|
|
Pitching: RHP Moos Jansen
|
|
|
Batting: RHB Colin Morris
|
0-0: Ball 1-0: Swinging Strike 1-1: Called Strike 1-2: Foul Ball, location: 2F 1-2: Strikes out swinging
|
|
Batting: RHB Mark Squires
|
0-0: Foul Ball, location: 2F 0-1: Ball 1-1: Ball 2-1: Foul Ball, location: 2F 2-2: Ball 3-2: Ground out 5-3 (Groundball, 5, EV 86.9 MPH)
|
| Bottom of the 7th over - 0 runs, 0 hits, 0 errors, 0 left on base; Fresno State University 0 - University of South Carolina 2 |
| TOP OF THE 8TH |
|
Fresno State University Bulldogs batting - Pitching for University of South Carolina Gamecocks : RHP Takuzo Sato
|
|
Pitching: LHP Josh Schmidt
|
|
|
Batting: LHB Chris Viehman
|
0-0: Called Strike 0-1: Ball 1-1: Ball 2-1: Fly out, F9 (Line Drive, 9LS, EV 94.4 MPH)
|
|
Batting: RHB Andy Villarreal
|
0-0: Ball 1-0: Swinging Strike 1-1: Ball 2-1: Fly out, F7 (Flyball, 78D, EV 81.9 MPH)
|
|
Batting: RHB Javier Brizuela
|
0-0: Foul Ball, location: 2F 0-1: Swinging Strike 0-2: Ball 1-2: Ball 2-2: Fly out, F9 (Line Drive, 9S, EV 106.2 MPH)
|
| Top of the 8th over - 0 runs, 0 hits, 0 errors, 0 left on base; Fresno State University 0 - University of South Carolina 2 |
| BOTTOM OF THE 8TH |
|
University of South Carolina Gamecocks batting - Pitching for Fresno State University Bulldogs : RHP Moos Jansen
|
|
Batting: RHB Mike Chiquete
|
0-0: Ground out 3-1 (Groundball, 34, EV 84.4 MPH)
|
|
Batting: RHB Jim Smallwood
|
0-0: Ball 1-0: Called Strike 1-1: Called Strike 1-2: Ball 2-2: Strikes out looking
|
|
Batting: LHB Jose Mafano
|
0-0: Ball 1-0: Fly out, F6 (Popup, 6S, EV 81.2 MPH)
|
| Bottom of the 8th over - 0 runs, 0 hits, 0 errors, 0 left on base; Fresno State University 0 - University of South Carolina 2 |
| TOP OF THE 9TH |
|
Fresno State University Bulldogs batting - Pitching for University of South Carolina Gamecocks : LHP Josh Schmidt
|
|
Pitching: RHP John Martin
|
|
|
Pinch Hitting: SHB Mike Fermin
|
0-0: Called Strike 0-1: Called Strike 0-2: Ball 1-2: Strikes out looking
|
|
Batting: RHB Jaquan Brown
|
0-0: Fly out, F9 (Line Drive, 9, EV 87.5 MPH)
|
|
Batting: RHB Dou-wan Pan
|
0-0: Ball 1-0: Swinging Strike 1-1: Ball 2-1: Foul Ball, location: 2F 2-2: Foul Ball, location: 2F 2-2: Foul Ball, location: 2F 2-2: Ball 3-2: Foul Ball, location: 2F 3-2: Strikes out swinging
|
| Top of the 9th over - 0 runs, 0 hits, 0 errors, 0 left on base; Fresno State University 0 - University of South Carolina 2 |
|